 Dungeon Crawl Stone Soup version 0.29.1-15-g9cfb28693d (webtiles) character file.

Game seed: 5348099474945839699

4809 nightchill the Grappler (level 10, -11/100 HPs)
             Began as a Troll Fighter on Feb 28, 2023.
             Was a Priest of Nemelex Xobeh.
             Killed from afar by Erica (33 damage)
             ... with a lance of force
             ... on level 8 of the Dungeon.
             The game lasted 00:11:34 (5950 turns).

nightchill the Grappler (Troll Fighter)             Turns: 5950, Time: 00:11:34

Health: -11/100    AC:  5    Str: 30    XL:     10   Next: 24%
Magic:  13/13      EV:  8    Int:  4    God:    Nemelex Xobeh [***...]
Gold:   637        SH:  7    Dex:  9    Spells: 9/9 levels left

rFire   . . .      SeeInvis .     - Unarmed
rCold   . . .      Faith    .   b - +0 kite shield
rNeg    . . .      Spirit   .   a - +0 robe
rPois   .          Reflect  .   (helmet restricted)
rElec   .          Harm     .   E - +0 cloak {rCorr}
rCorr   +          Rampage  .   (gloves unavailable)
Will    .....                   (boots unavailable)
Stlth   +.........              (no amulet)
HPRegen 1.06/turn               (no ring)
MPRegen 0.13/turn               (no ring)

@: no status effects
A: large, unfitting armour, claws 3, regeneration 1, shaggy fur 1, tough skin 1
a: Renounce Religion, Draw Escape, Draw Destruction, Draw Summoning, Triple Draw


You were on level 8 of the Dungeon.
You worshipped Nemelex Xobeh.
Nemelex Xobeh was most pleased with you.
You visited 1 branch of the dungeon, and saw 8 of its levels.
You also visited: Ossuary.

You collected 637 gold pieces.

Inventory:

Armour
 a - a +0 robe (worn)
 b - a +0 kite shield (worn)
 E - a +0 cloak of preservation (worn)
Jewellery
 y - a ring of wizardry
Wands
 s - a wand of flame (16)
 D - a wand of acid (20)
Scrolls
 d - 3 scrolls of magic mapping {unknown}
 i - a scroll of enchant armour {unknown}
 j - a scroll of brand weapon {unknown}
 k - a scroll of amnesia {unknown}
 l - 3 scrolls of fear {unknown}
 m - a scroll of blinking {unknown}
 n - 2 scrolls of immolation {unknown}
 o - a scroll of poison {unknown}
 p - 2 scrolls of enchant weapon {unknown}
 r - 2 scrolls of noise {unknown}
 t - 2 scrolls of vulnerability {unknown}
 w - 4 scrolls of teleportation {unknown}
 B - a scroll of butterflies {unknown}
 C - a scroll of summoning {unknown}
Potions
 c - a potion of might
 e - 3 potions of heal wounds
 f - a potion of lignification
 g - a potion of cancellation
 h - 3 potions of degeneration
 q - 2 potions of brilliance
 u - 3 potions of haste
 v - a potion of flight
 x - 3 potions of curing
 z - a potion of ambrosia
 A - a potion of attraction
 F - a potion of mutation {unknown}


   Skills:
 + Level 6.9 Fighting
 - Level 2.4 Dodging
 - Level 2.6 Shields
 * Level 11.1 Unarmed Combat
 + Level 6.4 Invocations


You had 9 spell levels left.
You didn't know any spells.
Your spell library contained the following spells:

 Spells                   Type           Power      Damage    Failure   Level
 Apportation              Tloc           0%         N/A       80%         1
 Necrotise                Necr           0%         1d4       80%         1
 Shock                    Conj/Air       0%         1d3       80%         1
 Sting                    Tmut/Pois      0%         1d3       80%         1
 Summon Small Mammal      Summ           0%         N/A       80%         1
 Call Imp                 Summ           0%         N/A       91%         2
 Poisonous Vapours        Pois/Air       0%         N/A       91%         2
 Static Discharge         Conj/Air       0%         3-3/arc   91%         2
 Conjure Flame            Conj/Fire      0%         6-21      99%         3
 Ignite Poison            Fire/Tmut/Pois 0%         N/A       99%         3
 Portal Projectile        Hex/Tloc       0%         N/A       99%         3
 Swiftness                Air            0%         N/A       99%         3
 Airstrike                Air            0%         2d(0-16)  100%        4
 Dispel Undead            Necr           0%         3d6       100%        4
 Olgreb's Toxic Radiance  Pois           0%         N/A       100%        4
 Sticky Flame             Conj/Fire      0%         2d3       100%        4
 Summon Lightning Spire   Summ/Air       0%         N/A       100%        4
 Summon Forest            Summ/Tloc      0%         N/A       100%        5
 Summon Mana Viper        Hex/Summ       0%         N/A       100%        5
 Eringya's Noxious Bog    Tmut/Pois      0%         N/A       100%        6
 Summon Hydra             Summ           0%         N/A       100%        7


Dungeon Overview and Level Annotations

Branches:
Dungeon (8/15)             Temple (0/1) D:7         Ossuary (visited)
   Lair: D:8-11

Altars:
Cheibriados
Elyvilon
Nemelex Xobeh
Xom

Annotations:
D:6 1 runed translucent door, nightchill's ghost, novice TrMo
D:8 2 transporters, Erica; diceflayer's ghost, novice DsHu
Abyss:1 Grum


Innate Abilities, Weirdness & Mutations

You are too large for most types of armour.
You have claws for hands.
Your natural rate of healing is unusually fast.
You are covered in fur. (AC +1)
You have tough skin. (AC +1)


Message History

a +0 dagger; a +0 cloak of preservation; the human corpse of Maurice
E - a +0 cloak of preservation You start putting on your armour.
You continue putting on your +0 cloak of preservation. x4
You finish putting on your +0 cloak of preservation.
Unknown command.
F - a smoky black potion
There is a stone staircase leading down here.
Found 2 silver javelins.
Found a dagger.
Erica the Fiery-Tempered comes into view.
She is wielding a +4 scimitar of flaming.
Erica casts a spell.
Erica flickers and vanishes!
Deactivating autopickup; reactivate with Ctrl-A.
You start waiting.
There is a strange disturbance nearby!
There is a strange disturbance nearby!
Found 12 gold pieces.
You start waiting.
Something hits you! Something burns you!
You miss something. Something hits you. Something burns you.
You miss something. Something hits you! Something burns you.
You mangle something!! Something hits you. Something burns you.
You miss something.
You hear some strange, mumbled words.
Something tries to affect you, but you resist.
You closely miss something. Something hits you!
* * * LOW HITPOINT WARNING * * *
Something burns you.
* * * LOW HITPOINT WARNING * * *
You mangle something!! Something hits you!
* * * LOW HITPOINT WARNING * * *
Something burns you!
* * * LOW HITPOINT WARNING * * *
You miss something.
You hear some strange, mumbled words.
A lance of force appears from out of thin air!
The lance of force hits you!!
You die...
Your body disappears without a glow.

#.~⌠~.## #.~.~..#
#......# ####......#
########..##.....#
...............#
.........)..#.##
...............###
.<......####...{@#
.........#.....##......#
...............##.....##
......................#
.......................#
.........#.............#
.#.......#..............
##.............#.....$..
#..##..##....###(..


There were no monsters in sight!

Vanquished Creatures
  A two-headed ogre (D:6)
  Pikel (D:7)
  Maurice (D:8)
  A blink frog (D:6)
  An orc warrior (D:6)
  2 ice beasts
  2 sky beasts (D:6)
  An ogre (D:6)
  2 centaurs
  3 wolves (D:7)
  A lemure (D:7)
  2 phantoms
  A kobold brigand (D:6)
  2 elf zombies (Ossuary)
  2 necrophages (D:5)
  2 scorpions
  3 wights (D:7)
  3 killer bees (D:7)
  Dowan (D:6)
  A howler monkey (D:8)
  2 orc priests
  Jessica (D:3)
  4 iguanas
  6 orc wizards
  2 mummies (Ossuary)
  7 adders
  3 gnolls (D:7)
  2 shadow imps
  An ufetubus (D:5)
  3 dart slugs
  23 orcs
  6 ball pythons
  5 bats (D:1)
  5 endoplasms
  7 giant cockroaches
  2 gnoll zombies (Ossuary)
  8 goblins
  6 hobgoblins
  3 quokkas
  6 frilled lizards
  4 goblin zombies (Ossuary)
  3 hobgoblin zombies (Ossuary)
  10 kobolds
  3 orc zombies (Ossuary)
  3 rats
158 creatures vanquished.

Vanquished Creatures (collateral kills)
  A cyclops (D:6)
  Duvessa (D:6)
  A bullfrog (D:6)
  A necrophage (D:6)
  A scorpion (D:6)
5 creatures vanquished.

Grand Total: 163 creatures vanquished

Notes
Turn   | Place    | Note
-------+----------+-------------------------------------------
     0 | D:1      | nightchill the Troll Fighter began the quest for the Orb.
     0 | D:1      | Reached XP level 1. HP: 22/22 MP: 0/0
   148 | D:1      | Reached XP level 2. HP: 29/29 MP: 1/1
   284 | D:1      | Reached skill level 3 in Unarmed Combat
   488 | D:1      | Reached XP level 3. HP: 36/36 MP: 2/2
   852 | D:2      | Found a snail-covered altar of Cheibriados.
  1008 | D:2      | Reached XP level 4. HP: 40/45 MP: 3/3
  1075 | D:2      | Found a faded altar of an unknown god.
  1293 | D:2      | Prayed at the altar of an unknown god.
  1293 | D:2      | Became a worshipper of Nemelex Xobeh the Trickster
  1293 | D:2      | Reached * piety under Nemelex Xobeh
  1293 | D:2      | Received a gift from Nemelex Xobeh
  1322 | D:3      | Reached skill level 4 in Unarmed Combat
  1618 | D:3      | Noticed Jessica
  1627 | D:3      | Killed Jessica
  1703 | D:3      | Found a white marble altar of Elyvilon.
  1703 | D:3      | Received a gift from Nemelex Xobeh
  2005 | D:4      | Reached XP level 5. HP: 51/53 MP: 4/4
  2049 | D:4      | Reached ** piety under Nemelex Xobeh
  2376 | D:4      | Reached skill level 5 in Unarmed Combat
  2376 | D:4      | Reached skill level 1 in Invocations
  2535 | D:4      | Received a gift from Nemelex Xobeh
  2544 | D:4      | Reached XP level 6. HP: 45/62 MP: 4/6
  2563 | D:4      | Got the Spellbook of Allied Direction
  2666 | D:5      | Entered Level 5 of the Dungeon
  2853 | D:5      | Reached skill level 6 in Unarmed Combat
  2853 | D:5      | Reached XP level 7. HP: 66/70 MP: 7/7
  3383 | D:6      | Noticed a blink frog
  3383 | D:6      | an ice beast changed into a blink frog
  3384 | D:6      | Killed a blink frog
  3461 | D:6      | Reached skill level 7 in Unarmed Combat
  3549 | D:6      | Reached XP level 8. HP: 79/79 MP: 9/9
  3566 | D:6      | Identified the -2 quarterstaff "Abellao" {freeze, rPois rF-
                  | Str+6 Dex+3}
  3726 | D:6      | Noticed a cyclops
  3728 | D:6      | Noticed Dowan
  3728 | D:6      | Noticed Duvessa
  3734 | D:6      | Killed a cyclops
  3735 | D:6      | Reached skill level 5 in Fighting
  3735 | D:6      | Reached skill level 8 in Unarmed Combat
  3744 | D:6      | Killed Duvessa
  3746 | D:6      | Noticed a two-headed ogre
  3752 | D:6      | Killed Dowan
  3764 | D:6      | Killed a two-headed ogre
  3765 | D:6      | Reached skill level 9 in Unarmed Combat
  3765 | D:6      | Reached skill level 5 in Invocations
  3765 | D:6      | Reached XP level 9. HP: 11/89 MP: 11/11
  4099 | D:6      | Found a runed translucent door.
  4099 | D:6      | Found a shimmering altar of Xom.
  4099 | D:6      | Noticed nightchill's ghost (novice TrMo)
  4100 | D:6      | Noticed a +1 scimitar of chaos
  4205 | D:6      | Reached *** piety under Nemelex Xobeh
  4673 | D:7      | Reached skill level 10 in Unarmed Combat
  5007 | D:7      | Found a sand-covered staircase.
  5011 | Ossuary  | Entered an ossuary
  5032 | Ossuary  | Received a gift from Nemelex Xobeh
  5358 | D:7      | Found a staircase to the Ecumenical Temple.
  5549 | D:8      | Noticed Pikel
  5560 | D:7      | Killed Pikel
  5561 | D:7      | Reached XP level 10. HP: 65/100 MP: 13/13
  5662 | D:8      | Noticed Grum
  5708 | D:8      | Banished Grum
  5721 | D:8      | Found a transporter.
  5723 | D:8      | Found a transporter.
  5724 | D:8      | Noticed diceflayer's ghost (novice DsHu)
  5794 | D:8      | Noticed Maurice
  5803 | D:8      | Killed Maurice
  5804 | D:8      | Reached skill level 11 in Unarmed Combat
  5932 | D:8      | Noticed Erica
  5950 | D:8      | Killed from afar by Erica

Illustrated notes

Levels and vault maps discovered:
D:1:      dpeg_arrival_solitude, layout_basic, minmay_ruptured
D:2:      layout_basic, basic_ecumenical_altar, basic_altar
D:3:      layout_basic, lemuel_round_altar, minmay_misc_feat_x, uniq_jessica
D:4:      layout_loops_corners
D:5:      layout_basic
D:6:      hangedman_cross_stitches, layout_loops_ring, ebering_ghost_xom,
          uniq_duvessa
D:7:      layout_basic, minmay_temple_entry_fiery, enter_ossuary_5
D:8:      layout_cave_pools, okawaru_metal_pillars_3, gammafunk_ghost_hive,
          corexii_leaking_fountain, nicolae_underground_beach, uniq_pikel,
          uniq_erica, uniq_maurice, uniq_grum

Skill      XL: |  1  2  3  4  5  6  7  8  9 10 |
---------------+-------------------------------+-----
Unarmed Combat | 3 4 5 6 7 9 10 11 | 11.1
Fighting       | 3 4 5 6 |  6.9
Invocations    | 1 2 3 5 6 |  6.4
Dodging        | |  2.4
Shields        | |  2.6

Action                   |  1- 3 |  4- 6 |  7- 9 | 10-12 || total
-------------------------+-------+-------+-------+-------++-------
Melee: Unarmed           |   109 |   106 |   196 |    34 ||   445
Invok: Draw Destruction  |       |     1 |     2 |       ||     3
       Draw Summoning    |       |       |     5 |       ||     5
       Draw Escape       |       |       |       |     1 ||     1
  Use: Scroll            |       |     5 |     5 |       ||    10
       Potion            |       |       |     2 |       ||     2
Armor: Robe              |    43 |    10 |    51 |     4 ||   108
       Skin              |       |       |     7 |       ||     7
Dodge: Dodged            |    37 |    30 |    61 |    11 ||   139
Block: Kite shield       |    29 |    27 |    66 |    16 ||   138
